 Dungeon Crawl Stone Soup version 0.29-a0-529-gfa20dd96a1 (webtiles) character file.

Game seed: 16192513701044481414

493 tilp the Grave Robber (level 6, -5/48 HPs)
             Began as a Mummy Necromancer on June 1, 2022.
             Slain by an orc warrior
             ... wielding a +0 scimitar
              (16 damage)
             ... on level 5 of the Dungeon.
             The game lasted 00:08:35 (5357 turns).

tilp the Grave Robber (Mummy Necromancer)           Turns: 5357, Time: 00:08:35

Health: -5/48      AC:  6    Str: 12    XL:     6   Next: 92%
Magic:  6/10       EV: 12    Int: 16    God:
Gold:   30         SH:  0    Dex: 12    Spells: 7/11 levels left

rFire   x . .      SeeInvis .   a - +2 whip (venom)
rCold   + . .      Faith    .   (no shield)
rNeg    + + +      Spirit   .   h - +0 robe
rPois   ∞          Reflect  .   (no helmet)
rElec   .          Harm     .   m - +0 cloak
rCorr   .          Rampage  .   n - +2 pair of gloves
Will    .....                   (no boots)
Stlth   ++........              (no amulet)
HPRegen 0.16/turn               (no ring)
MPRegen 0.12/turn               (no ring)

@: no status effects
A: cold resistance 1, negative energy resistance 3, torment resistance 2, heat
vulnerability 1, in touch with death 1, no potions
a: no special abilities


You were on level 5 of the Dungeon.
You visited 1 branch of the dungeon, and saw 5 of its levels.

You collected 189 gold pieces.
You spent 159 gold pieces at shops.

Inventory:

Hand Weapons
 a - a +2 whip of venom (weapon)
 b - a +5 hand axe of freezing
 o - a +2 hunting sling of freezing
Missiles
 e - 164 stones (quivered)
Armour
 g - a +0 leather armour
 h - a +0 robe (worn)
 m - a +0 cloak (worn)
 n - a +2 pair of gloves (worn)
Magical Staves
 i - a staff of fire
Scrolls
 c - 2 scrolls of amnesia
 d - 2 scrolls of blinking
 f - 2 scrolls of fear
 j - a scroll of teleportation
 k - a scroll of magic mapping
 l - a scroll of poison


   Skills:
 + Level 4.1 Fighting
 - Level 2.0 Throwing
 - Level 2.0 Dodging
 - Level 2.0 Stealth
 - Level 3.0 Spellcasting
 + Level 6.1 Necromancy


You had 7 spell levels left.
You knew the following spells:

 Your Spells              Type           Power      Damage    Failure   Level
a - Necrotize             Necr           100%       1d9       1%          1
b - Vampiric Draining     Necr           32%        2d8       4%          3

Your spell library contained the following spells:

 Spells                   Type           Power      Damage    Failure   Level
 Animate Dead             Necr           32%        N/A       16%         4
 Agony                    Necr           32%        N/A       38%         5


Dungeon Overview and Level Annotations

Branches:
Dungeon (5/15)
 Temple: D:4-7

Altars:

Shops:
D:2 ?=*   D:4 =

Annotations:
D:3 Sigmund
D:4 exclusion: black bear


Innate Abilities, Weirdness & Mutations

You are immune to poison.
Your flesh is cold resistant. (rC+)
You are immune to negative energy. (rN+++)
You are immune to unholy pain and torment.
You are vulnerable to heat. (rF-)
You are in touch with the powers of death.
You do not drink.


Message History

An orc is nearby!
The orc shouts!
You hear a shout!
Items here: ! ) [ †.
An orc warrior comes into view. It is wielding a +0 scimitar.
You hit the orc.
The orc is poisoned.
The orc is heavily wounded.
The orc misses you.
An orc comes into view. It is wielding a +0 short sword.
You hit the orc but do no damage.
The orc looks as sick as possible!
The orc is heavily wounded.
You kill the orc!
Unknown command.
Items here: ! ) [ †.
Things that are here:
a jackal corpse; a jackal corpse
Casting: Vampiric Draining (dangerous; 4% risk of failure)
Confirm with . or Enter, or press ? or * to list all spells.
Aiming: Necrotize (safe; 1% risk of failure)
Press: ? - help, Shift-Dir - straight line, f - orc warrior
Aim: an orc warrior, wielding a +0 scimitar and wearing a +0 plate armour (chance to affect: 83%)
You feel a surge of power!
The orc warrior writhes in agony!
Unknown command.
You hit the orc warrior.
The orc warrior is poisoned.
The orc warrior is heavily wounded.
The orc warrior hits you with a +0 scimitar!
You hit the orc warrior.
The orc warrior looks even sicker.
The orc warrior is heavily wounded.
The orc warrior hits you with a +0 scimitar!
* * * LOW HITPOINT WARNING * * *
Unknown command.
Casting: Necrotize (safe; 1% risk of failure)
Confirm with . or Enter, or press ? or * to list all spells.
Aiming: Vampiric Draining (dangerous; 4% risk of failure)
Press: ? - help, Shift-Dir - straight line, f/p - orc warrior
Aim: an orc warrior, wielding a +0 scimitar and wearing a +0 plate armour (heavily wounded, very poisoned)
You feel a surge of power!
You draw life force from the orc warrior.
You feel life coursing into your body.
The orc warrior hits you with a +0 scimitar!
You die...

#[##+## +# ## .
#...>.###.##.. ..
#.....#...#.. ...
#.....#...... #..##
.....#...#.. # .#....#
#.......#.# ####
#......##...#...#.###...
#.@oo......#.##..##
.#####..#†..#.##.###
#........)...#....##.
..#####.#....†...#...
#.#...####.#.## #.##..#
#.#.# ...#### #...# .#.
#..## .. . #..#


You could see an orc warrior (very poisoned) and an orc.

Vanquished Creatures
  A black bear (D:4)
  2 necrophages
  2 orc priests
  A hound (D:5)
  An orc wizard (D:4)
  4 adders
  2 worms
  5 dart slugs
  10 orcs
  5 bats
  8 endoplasms
  7 giant cockroaches
  7 goblins
  8 hobgoblins
  7 jackals
  8 kobolds
  7 quokkas
  6 ball pythons
  3 frilled lizards
  5 rats
99 creatures vanquished.

Vanquished Creatures (collateral kills)
  A rat (D:1)
1 creature vanquished.

Vanquished Creatures (others)
  4 fungi (D:5)
4 creatures vanquished.

Grand Total: 104 creatures vanquished

Notes
Turn   | Place    | Note
-------+----------+-------------------------------------------
     0 | D:1      | tilp the Mummy Necromancer began the quest for the Orb.
     0 | D:1      | Reached XP level 1. HP: 13/13 MP: 4/4
   144 | D:1      | Reached XP level 2. HP: 20/20 MP: 1/5
   557 | D:1      | Reached skill level 1 in Fighting
   793 | D:1      | Gained mutation: You are in touch with the powers of death.
                  | [Mummy growth]
   793 | D:1      | Reached XP level 3. HP: 26/26 MP: 7/7
  1005 | D:1      | Found a faded altar of an unknown god.
  1309 | D:2      | Found Qen Pao's Jewellery Shoppe.
  1552 | D:2      | Found Faimec's Assorted Antiques.
  1561 | D:2      | Bought a scroll labelled BARICICUDO for 24 gold pieces
  1681 | D:2      | Found Nanloux's Magic Scroll Shoppe.
  1689 | D:2      | Bought a scroll of noise for 14 gold pieces
  1726 | D:2      | Bought a scroll labelled NIKKOY QUOGH for 24 gold pieces
  1845 | D:2      | Reached XP level 4. HP: 25/33 MP: 8/8
  1990 | D:2      | You fall into a shaft and drop 2 floors!
  2016 | D:5      | Entered Level 5 of the Dungeon
  2084 | D:4      | Reached skill level 1 in Throwing
  2787 | D:2      | Bought a scroll of fear for 49 gold pieces
  2791 | D:2      | Learned a level 3 spell: Vampiric Draining
  3394 | D:3      | Noticed Sigmund
  4342 | D:4      | Noticed a black bear
  4373 | D:4      | Reached XP level 5. HP: 25/40 MP: 5/9
  4557 | D:4      | Noticed a black bear
  4576 | D:4      | Reached skill level 5 in Necromancy
  4609 | D:4      | Killed a black bear
  4610 | D:4      | Reached XP level 6. HP: 31/47 MP: 0/10
  4780 | D:4      | Found Uggoitil's Jewellery Shoppe.
  5130 | D:2      | Bought a scroll of identify for 48 gold pieces
  5322 | D:5      | Reached skill level 6 in Necromancy
  5346 | D:5      | Noticed an orc warrior
  5357 | D:5      | Slain by an orc warrior

Illustrated notes

Levels and vault maps discovered:
D:1:      roderic_dead_forest, layout_basic, chequers_ecumenical_altar_grove
D:2:      layout_basic, serial_shops, shop, shop, shop
D:3:      minmay_skewed_foursquare, layout_basic, serial_glass, glass_columns_a,
          glass_columns_a, uniq_sigmund
D:4:      minmay_octagon_keep, layout_basic, serial_shops, nicolae_square_shop,
          kennysheep_big_empty_room
D:5:      layout_rooms, kennysheep_mini, lemuel_temple_firewalk_b,
          serial_aquarium, aquarium_bridge_square [aquarium_subvault_window,
          aquarium_subvault_wall, aquarium_subvault_wall,
          aquarium_subvault_bridge], aquarium_window_2, aquarium_window_2,
          aquarium_view_2f, aquarium_view_2c, aquarium_balcony_5b,
          aquarium_pool_double

Skill      XL: |  1  2  3  4  5  6 |
---------------+-------------------+-----
Spellcasting   | 3 |  3.0
Fighting       | 1 2 3 4 |  4.1
Stealth        | 2 |  2.0
Dodging        | 2 |  2.0
Throwing       | 1 2 |  2.0
Necromancy     | 5 6 |  6.1

Action                   |  1- 3 |  4- 6 || total
-------------------------+-------+-------++-------
Melee: Whip              |    95 |   143 ||   238
       Hand axe          |       |    18 ||    18
       Punch             |       |     1 ||     1
 Fire: Hunting sling     |     8 |       ||     8
Throw: Stone             |     1 |     7 ||     8
 Cast: Necrotize         |    14 |    22 ||    36
       Vampiric Draining |       |     6 ||     6
  Use: Scroll            |     4 |     3 ||     7
 Stab: Sleeping          |     3 |     3 ||     6
Armor: Robe              |    17 |    40 ||    57
Dodge: Dodged            |    70 |    98 ||   168

Table legend: (Time is in decaauts)
 A = Elapsed time spent in this place.
 B = Non-inter-level travel time spent in this place.
 C = Inter-level travel time spent in this place.
 D = Time resting spent in this place.
 E = Time spent auto-exploring this place.
 F = Levels seen in this place.
 G = Mean time per level.
                   A        B        C        D        E       F      G
               +--------+--------+--------+--------+--------+-----+--------+
         Total |   5389 |   4887 |    502 |    443 |   3408 |   5 | 1077.8 |
       Dungeon |   5389 |   4887 |    502 |    443 |   3408 |   5 | 1077.8 |
               +--------+--------+--------+--------+--------+-----+--------+

Top non-repeatable levels by time:
     D:3: 1481 daAuts
     D:2: 1394 daAuts
     D:1: 1302 daAuts
     D:4: 1073 daAuts
     D:5: 137 daAuts
